 Dungeon Crawl Stone Soup version 0.25-a0-378-gd2ca0b7745 (webtiles) character file.

Game seed: 12853388602508193251, levelgen mode: deterministic

151 MrRokkomies the Vexing (level 5, -4/28 HPs)
             Began as a Vampire Enchanter on Jan 7, 2020.
             Slain by Menkaure (22 damage)
             ... on level 4 of the Dungeon.
             The game lasted 00:06:33 (1233 turns).

MrRokkomies the Vexing (Vampire Enchanter)          Turns: 1233, Time: 00:06:34

Health: -4/28      AC:  3    Str:  8    XL:     5   Next: 10%
Magic:  5/8        EV: 13    Int: 18    God:
Gold:   80         SH:  0    Dex: 14    Spells: 2/8 levels left

rFire    . . .     SeeInvis +   a - +2 dagger (vamp)
rCold    + + .     Gourm    .   (no shield)
rNeg     + + +     Faith    .   b - +0 robe
rPois    ∞         Spirit   .   (no helmet)
rElec    .         Reflect  .   (no cloak)
rCorr    .         Harm     .   i - +0 pair of gloves
MR       .....                  (no boots)
Stlth    +++++.....             (no amulet)
HPRegen  0.00/turn              (no ring)
MPRegen  0.11/turn              (no ring)

@: bloodless
A: no food, fangs 3, see invisible, unbreathing
a: Bat Form, Revivify


You were on level 4 of the Dungeon.
You were bloodless.

You visited 1 branch of the dungeon, and saw 3 of its levels.

You collected 80 gold pieces.

Inventory:

Hand Weapons
 a - a +2 vampiric dagger (weapon)
 e - a +2 dagger of draining
Armour
 b - a +0 robe (worn)
 i - a +0 pair of gloves (worn)
Scrolls
 d - 4 scrolls of remove curse {unknown}
 f - a scroll of teleportation {unknown}
 g - a scroll of enchant weapon {unknown}
 j - a scroll of fear {unknown}
 l - 2 scrolls of identify {unknown}
Potions
 c - a potion of might {unknown}
 h - 2 potions of lignification {unknown}
 k - a potion of agility {unknown}


   Skills:
 * Level 3.2 Short Blades
 + Level 3.1 Dodging
 + Level 5.5 Stealth
 - Level 2.0 Spellcasting
 * Level 6.0 Hexes


You had 2 spell levels left.
You knew the following spells:

 Your Spells              Type           Power        Failure   Level  Hunger
a - Corona                Hex            ###....      1%          1    N/A
b - Ensorcelled Hibernat  Hex/Ice        ##....       8%          2    N/A
c - Confuse               Hex            ###.....     4%          3    N/A

Your spell library contained the following spells:

 Spells                   Type           Power        Failure   Level  Hunger
 Tukima's Dance           Hex            ###.....     4%          3    N/A
 Dazzling Flash           Conj/Hex       ##....       16%         3    N/A

Dungeon Overview and Level Annotations

Branches:
Dungeon (4/15)
 Temple: D:4-7

Altars:

Annotations:
D:4 Menkaure


Innate Abilities, Weirdness & Mutations

You do not eat.
You do not regenerate when monsters are visible.
You are frail without blood (-20% HP).
You can heal yourself when you bite living creatures.
You are immune to poison.
You have razor-sharp teeth.
You have supernaturally acute eyesight. (SInv)
You can survive without breathing.


Message History

Casting: Ensorcelled Hibernation (safe; 8% risk of failure)
Confirm with . or Enter, or press ? or * to list all spells.
Aiming: Confuse (safe; 4% risk of failure)
Press: ? - help, Shift-Dir - straight line, f - Menkaure
Aim: Menkaure (chance to defeat MR: 52%) Menkaure resists with significant effort.
Menkaure closely misses you.
You hit Menkaure.
Menkaure is lightly damaged.
Menkaure closely misses you.
You hit Menkaure.
Menkaure is moderately damaged.
Menkaure barely misses you.
You hit Menkaure.
Menkaure is moderately damaged.
You hit Menkaure.
Menkaure is heavily damaged.
Menkaure hits you!!
Ouch! That really hurt!
You die...

#................###
#...................
#....†...........### ..
#................# .#
#.............#### #.#
#..........##># ..#
#........>.##.#######.#####
#..........##..M..........#
##############@#..........#
#.#........<.#
#.#..........#
#.######....M. #.# #####.
#.. ###


You could see Menkaure.

Vanquished Creatures
  An ogre (D:4)
  An iguana (D:4)
  A hound skeleton (D:4)
  A dart slug (D:1)
  A giant cockroach (D:1)
  7 goblins
  2 hobgoblins (D:1)
  3 bats (D:1)
  2 frilled lizards (D:1)
  6 kobolds (D:1)
  5 rats (D:1)
30 creatures vanquished.

Notes
Turn   | Place    | Note
-------+----------+-------------------------------------------
     0 | D:1      | MrRokkomies the Vampire Enchanter began the quest for the
                  | Orb.
     0 | D:1      | Reached XP level 1. HP: 13/13 MP: 3/3
   119 | D:1      | Reached XP level 2. HP: 19/19 MP: 5/5
   550 | D:1      | Learned a level 2 spell: Ensorcelled Hibernation
   727 | D:1      | Reached skill level 5 in Hexes
   727 | D:1      | Reached XP level 3. HP: 21/24 MP: 6/6
   914 | D:2      | You fall into a shaft and drop 2 floors!
   915 | D:4      | Noticed an ogre
   923 | D:4      | Learned a level 3 spell: Confuse
  1051 | D:4      | Killed an ogre
  1051 | D:4      | Reached skill level 5 in Stealth
  1051 | D:4      | Reached XP level 4. HP: 30/30 MP: 0/7
  1150 | D:4      | Reached XP level 5. HP: 29/35 MP: 1/8
  1157 | D:4      | Reached skill level 6 in Hexes
  1213 | D:4      | Noticed Menkaure
  1233 | D:4      | Slain by Menkaure

Levels and vault maps discovered:
D:1:      ebering_trefoil_twist, layout_basic
D:2:      cheibrodos_greedy_goblins, layout_basic, lemuel_round_altar,
          grunt_temple_overflow_open, nicolae_overflow_crystal_walls,
          serial_corexii_hall, corexii_hall_statues_l,
          chequers_hall_statues_corner_a, chequers_hall_statues_wall_a,
          first_ration
D:4:      layout_rooms, lemuel_coloured_pillars_altar,
          minmay_temple_entry_butterflies, minmay_pentomino_pile, uniq_menkaure,
          uniq_crazy_yiuf_cottage

Skill      XL: |  1  2  3  4  5 |
---------------+----------------+-----
Short Blades   | 2 3 |  3.2
Hexes          | 5 6 |  6.0
Stealth        | 5 |  5.5
Dodging        | 3 |  3.1
Spellcasting   | |  2.0

Action                   |  1- 3 |  4- 6 || total
-------------------------+-------+-------++-------
Melee: Dagger            |    88 |    12 ||   100
       Bite              |     5 |       ||     5
 Cast: Ensorcelled Hiber |     5 |     2 ||     7
       Confuse           |     1 |     1 ||     2
 Abil: Exsanguinate      |       |     1 ||     1
 Stab: Sleeping          |     9 |     1 ||    10
Armor: Robe              |    13 |     2 ||    15
Dodge: Dodged            |    46 |     9 ||    55

Table legend:
 A = Non-vault XP
 B = Vault XP
 C = Vault XP percentage of total XP
 D = Non-vault monster count
 E = Vault monster count
 F = Vault count percentage of total count
                 A         B        C        D         E       F
            +---------+---------+-------+---------+---------+-------
      Total |     216 |       0 |   0.0 |      30 |       0 |   0.0
            +---------+---------+-------+---------+---------+-------
        D:1 |      41 |       0 |   0.0 |      26 |       0 |   0.0
        D:2 |       1 |       0 |   0.0 |       1 |       0 |   0.0
        D:4 |     174 |       0 |   0.0 |       3 |       0 |   0.0
            +---------+---------+-------+---------+---------+-------
